 Dungeon Crawl Stone Soup version 0.19-a0-1225-gf887c1c (webtiles) character file.

66 Ryco the Firebug (level 3, -14/19 HPs)
             Began as a Deep Elf Fire Elementalist on Aug 25, 2016.
             Hit by a javelin of returning thrown by a centaur (15 damage)
             ... in a bailey.
             The game lasted 00:07:29 (870 turns).

Ryco the Firebug (Deep Elf Fire Elementalist)        Turns: 870, Time: 00:07:30

Health: -14/19     AC:  2    Str:  5    XL:     3   Next: 96%
Magic:  8/10       EV: 13    Int: 20    God:
Gold:   56         SH:  0    Dex: 15    Spells: 2 memorised, 6 levels left

rFire  . . .     SeeInvis .     l - -3 dagger (curse)
rCold  . . .     Gourm    .     a - +0 robe
rNeg   . . .     Faith    .     (no shield)
rPois  .         Spirit   .     (no helmet)
rElec  .         Dismiss  .     (no cloak)
rCorr  .         Reflect  .     (no gloves)
MR     .....     Harm     .     (no boots)
Stlth  ++........               (no amulet)
                                (no ring)
                                d - ring of wizardry

@: no status effects
A: no striking features
a: no special abilities


You were in a bailey.
You were not hungry.

You visited 1 branch of the dungeon, and saw 5 of its levels.
You also visited: Bailey.

You collected 56 gold pieces.

Inventory:

Hand Weapons
 f - a +0 spear
 l - a cursed -3 dagger (weapon)
 n - a +0 dagger
Missiles
 r - 8 javelins (quivered)
Armour
 a - a +0 robe (worn)
Jewellery
 d - a ring of wizardry (left hand)
Wands
 m - a wand of lightning (5/15)
Scrolls
 e - 3 scrolls of recharging
Potions
 h - a potion of brilliance {unknown}
 i - 2 potions of heal wounds {unknown}
 j - a potion of haste {unknown}
 o - 2 potions of degeneration {unknown}
 q - a potion of lignification
Books
 b - a book of Flames

   Spells                             Type                      Level
   a - Flame Tongue                   Conjuration/Fire             1
   b - Throw Flame                    Conjuration/Fire             2
   c - Conjure Flame                  Conjuration/Fire             3
   d - Inner Flame                    Hexes/Fire                   3
   e - Sticky Flame                   Conjuration/Fire             4
   f - Fireball                       Conjuration/Fire             5
Comestibles
 c - a bread ration
 k - a meat ration


   Skills:
 + Level 2.9 Dodging
 - Level 2.4 Stealth
 + Level 4.0 Spellcasting
 * Level 2.1 Conjurations
 + Level 4.1 Fire Magic


You had 6 spell levels left.
You knew the following spells:

 Your Spells              Type           Power        Failure   Level  Hunger
a - Flame Tongue          Conj/Fire      ###..        1%          1    None
c - Conjure Flame         Conj/Fire      ###.....     4%          3    ###....


Dungeon Overview and Level Annotations

Branches:
Dungeon (7/15)
 Temple: D:4-7

Altars:


Message History

Press: ? - help, Shift-Dir - straight line, f - centaur
Aim: a centaur, wielding a halberd and wearing a ring mail You hear a mighty clap of thunder!
The bolt of lightning misses the centaur.
This wand has 5 charges left.
You hear a shout! x9
The centaur throws a javelin of returning.
The javelin of returning hits you!
Ouch! That really hurt!
* * * LOW HITPOINT WARNING * * *
The centaur throws a javelin of returning.
The javelin of returning closely misses you.
The weapon returns to the centaur!
The centaur throws a javelin of returning.
The javelin of returning completely misses you.
The weapon returns to the centaur!
The centaur throws a javelin of returning.
The javelin of returning hits you!
Ouch! That really hurt!
You die...

≈...≈≈≈≈≈≈≈≈≈...
≈..≈≈.......≈≈≈.
≈...o≈≈≈≈≈≈≈o.≈≈
...≈≈≈.....≈≈≈.≈
..≈≈.o≈≈≈≈≈..≈≈.
.≈≈.≈≈≈...≈≈≈.≈.
.≈.≈≈..⌠.⌠..≈.≈≈
.≈.....@∩∩..≈...
.≈.≈≈..⌠.⌠..≈.≈≈
.≈≈.≈≈≈...≈≈≈.≈.
.c≈≈).≈≈≈≈≈..≈≈.
...≈≈≈...c.≈≈≈.≈
≈...o≈≈≈≈≈≈≈..≈≈
≈..≈≈..o....≈≈≈.
≈...≈≈≈≈≈≈≈≈≈o..


You could see 2 centaurs and 6 orcs.

Vanquished Creatures
  3 adders
  A dart slug (D:1)
  2 giant geckos
  3 orcs
  A ball python (D:3)
  A bat (D:2)
  A giant cockroach (D:2)
  7 goblins
  5 hobgoblins
  2 kobolds
  A giant newt (D:7)
  3 rats
30 creatures vanquished.

Notes
Turn   | Place    | Note
-------+----------+-------------------------------------------
     0 | D:1      | Ryco the Deep Elf Fire Elementalist began the quest for the Orb.
     0 | D:1      | Reached XP level 1. HP: 10/10 MP: 6/6
   153 | D:2      | Reached XP level 2. HP: 15/15 MP: 2/8
   357 | D:3      | Reached XP level 3. HP: 19/19 MP: 3/9
   362 | D:3      | Learned a level 3 spell: Conjure Flame
   583 | D:3      | You fall through a shaft!
   630 | D:4      | You fall through a shaft for 3 floors!
   657 | D:7      | Noticed a hippogriff
   779 | D:7      | Found a flagged portal.
   858 | Bailey   | Entered a bailey
   858 | Bailey   | Noticed a centaur
   859 | Bailey   | Noticed a centaur
   870 | Bailey   | Hit by a javelin of returning thrown by a centaur

Vault maps used:
D:1:      mrwooster_arrival_statue
D:4:      portal_sewer_entry_b, uniq_edmund
D:7:      enter_bailey_3, grunt_livestock
Bailey:   bailey_polearm_flooded_kennysheep, bailey

Skill      XL: |  1  2  3 |
---------------+----------+-----
Fire Magic     | 4 |  4.1
Conjurations   | 2 |  2.1
Spellcasting   | 4 |  4.0
Dodging        | |  2.9
Stealth        | |  2.4

Action                   || total
-------------------------++-------
 Cast: Flame Tongue      ||    63
Evoke: Wand              ||     1
  Use: Scroll            ||     5
Armor: Robe              ||     3
Dodge: Dodged            ||    23
